 Dungeon Crawl Stone Soup version 0.23-a0-625-g1d2cd9b (webtiles) character file.

361 Mgcat the Skirmisher (level 6, -4/51 HPs)
             Began as a Demonspawn Berserker on Dec 24, 2018.
             Was a Believer of Trog.
             Slain by a sixfirhy (7 damage)
             ... on level 1 of the Abyss.
             The game lasted 00:07:59 (2315 turns).

Mgcat the Skirmisher (Demonspawn Berserker)         Turns: 2315, Time: 00:07:59

Health: -4/51      AC: 15    Str: 20    XL:     6   Next: 38%
Magic:  0/6        EV:  3    Int:  8    God:    Trog [**....]
Gold:   158        SH:  0    Dex: 12    Spells: 5/5 levels left

rFire    . . .     SeeInvis .   a - +1 hand axe
rCold    . . .     Gourm    .   (no shield)
rNeg     . . .     Faith    .   e - +0 crystal plate armour
rPois    .         Spirit   +   (no helmet)
rElec    .         Reflect  .   m - scarf {Spirit}
rCorr    .         Harm     .   (no gloves)
MR       .....                  (no boots)
Stlth    ..........             o - amulet of magic regeneration
HPRegen  0.17/turn              (no ring)
MPRegen  0.35/turn              (no ring)

@: drained
A: talons 1, magic shield
a: Berserk, Trog's Hand, Renounce Religion


You were on level 1 of the Abyss.
You worshipped Trog.
Trog was pleased with you.
You were hungry.

You visited 1 branch of the dungeon, and saw 3 of its levels.
You visited the Abyss 1 time.

You collected 158 gold pieces.

Inventory:

Hand Weapons
 a - a +1 hand axe (weapon)
Armour
 e - a +0 crystal plate armour (worn)
   (You found it on level 1 of the Dungeon)
 m - a scarf of spirit shield (worn)
   (You found it on level 2 of the Dungeon)
Jewellery
 o - an amulet of magic regeneration (around neck)
   (You found it on level 2 of the Dungeon)
 t - an uncursed ring of fire {rF+, rC-}
   (You found it on level 3 of the Dungeon)
Scrolls
 b - 6 scrolls of remove curse
 f - a scroll of enchant armour {unknown}
 g - 2 scrolls of identify
 j - a scroll of enchant weapon
 l - 2 scrolls of fear {unknown}
 s - a scroll of blinking {unknown}
 u - a scroll of magic mapping {unknown}
 v - a scroll of teleportation
Potions
 d - 2 potions of curing {unknown}
 h - 2 potions of haste
 i - a potion of brilliance {unknown}
 k - 2 potions of heal wounds {unknown}
 n - a potion of flight {unknown}
 p - a potion of agility {unknown}
 r - a potion of lignification {unknown}
 w - a potion of resistance {unknown}
Comestibles
 c - 8 rations


   Skills:
 - Level 5.0(4.5) Fighting
 + Level 4.4(4.0) Axes
 + Level 3.5(3.1) Armour
 - Level 1.7(1.3) Dodging


You had 5 spell levels left.
You didn't know any spells.
Your spell library was empty.

Dungeon Overview and Level Annotations

Branches:
Dungeon (3/15)

Altars:
Cheibriados
Xom
Zin
The Shining One


Innate Abilities, Weirdness & Mutations

You have sharp toenails.
When hurt, damage is shared between your health and your magic reserves.


Message History

Unknown command.
Unknown command.
Okay, then.
Unknown command.
Unknown command.
Unknown command.
The worldbinder hits you but does no damage. x2
The insubstantial wisp hits you!
The insubstantial wisp blinks!
Unknown command.
Unknown command.
Unknown command.
Unknown command.
You miss the insubstantial wisp. You hit the worldbinder.
The vampire mosquito disappears in a puff of smoke!
The worldbinder hits you but does no damage. x2
The insubstantial wisp thrums sharply.
You are struck by an arc of lightning.
Unknown command.
Unknown command.
Unknown command.
The worldbinder calls forth creatures from the Swamp!
Unknown command.
Unknown command.
The insubstantial wisp barely misses you.
Unknown command.
Unknown command.
Unknown command.
Unknown command.
Unknown command.
The worldbinder calls forth creatures from the Swamp!
Unknown command.
Unknown command.
Unknown command.
The vampire mosquito buzzes angrily.
You hear a chilling moan.
Unknown command.
Unknown command.
Unknown command.
Unknown command.
Unknown command.
Unknown command.
Unknown command.
The worldbinder hits you.
The worldbinder hits you but does no damage.
The swamp drake breathes noxious fumes at you.
The noxious blast engulfs the worldbinder.
The worldbinder appears unharmed.
Unknown command.
Unknown command.
Unknown command.
Unknown command.
The worldbinder hits you but does no damage.
The worldbinder barely misses you.
Found a gateway leading out of the Abyss.
Unknown command.
Unknown command.
Unknown command.
You are suddenly pulled into a different region of the Abyss!
Unknown command.
Unknown command.
Unknown command.
Unknown command.
Unknown command.
Unknown command.
You are feeling hungry.
Unknown command.
l - 2 scrolls labeled GAPAVI USOSISI (gained 1)
A small abomination appears in a shower of sparks.
Unknown command.
Unknown command.
Unknown command.
The small abomination moves out of view.
Unknown command.
Unknown command.
A starcursed mass comes into view.
A starcursed mass splits.
Unknown command.
Unknown command.
Unknown command.
A sixfirhy comes into view.
A starcursed mass splits.
The sixfirhy hits you! The sixfirhy shocks you!
Unknown command.
A starcursed mass splits.
Unknown command.
Unknown command.
The sixfirhy hits you but does no damage.
The sixfirhy hits you. The sixfirhy shocks you!
Unknown command.
The sixfirhy hits you.
* * * LOW HITPOINT WARNING * * *
The sixfirhy shocks you!
* * * LOW HITPOINT WARNING * * *
The sixfirhy hits you but does no damage.
The sixfirhy barely misses you.
Unknown command.
Unknown command.
Unknown command.
The sixfirhy hits you.
* * * LOW HITPOINT WARNING * * *
The sixfirhy shocks you!
You die...

# .## ## #.. . .#..
#.## #. ###...
#....##..### ##...
#....#..# .#.#
#@##.# #. ..# #
.......#3..# ..# #
#########..#.#.#...#
# . #.......#..#
..... # #..
#.......#.#...... .#
#. #..
....#..##..##..#.#..
#.#.. .
..##.####.#.#.## .
........#...).#.
...... .. ...... ..
............ ...


You could see a sixfirhy.

Vanquished Creatures
  Sigmund (D:3)
  An ice beast (D:3)
  3 adders
  A white imp (Abyss:1)
  3 worms
  A dart slug (D:3)
  5 leopard geckos
  5 orcs (D:3)
  2 bats (D:1)
  6 hobgoblins
  8 kobolds
  A ball python (D:1)
  A frilled lizard (D:2)
  4 goblins
  8 rats
50 creatures vanquished.

Notes
Turn   | Place    | Note
-------+----------+-------------------------------------------
     0 | D:1      | Mgcat the Demonspawn Berserker began the quest for the Orb.
     0 | D:1      | Reached XP level 1. HP: 18/18 MP: 1/1
   230 | D:1      | Reached skill level 3 in Axes
   230 | D:1      | Gained mutation: You have sharp toenails. [demonic
                  | ancestry]
   230 | D:1      | Reached XP level 2. HP: 22/24 MP: 2/2
   890 | D:2      | Reached XP level 3. HP: 19/29 MP: 1/3
  1083 | D:2      | Reached skill level 2 in Armour
  1216 | D:2      | Reached ** piety under Trog
  1375 | D:2      | Found a glowing silver altar of Zin.
  1375 | D:2      | Found a snail-covered altar of Cheibriados.
  1376 | D:2      | Found a glowing golden altar of the Shining One.
  1456 | D:3      | Noticed an ice beast
  1465 | D:3      | Killed an ice beast
  1465 | D:3      | Reached skill level 4 in Fighting
  1465 | D:3      | Reached XP level 4. HP: 38/38 MP: 1/4
  1465 | D:3      | Gained mutation: When hurt, damage is shared between your
                  | health and your magic reserves. [demonic ancestry]
  1465 | D:3      | Reached XP level 5. HP: 43/43 MP: 1/5
  1536 | D:3      | Reached skill level 4 in Axes
  1696 | D:3      | Noticed Sigmund
  1837 | D:3      | Killed Sigmund
  1837 | D:3      | Reached skill level 3 in Armour
  1837 | D:3      | Reached XP level 6. HP: 31/50 MP: 6/6
  2147 | D:3      | Found a shimmering altar of Xom.
  2163 | D:3      | Cast into level 1 of the Abyss (crimson imp)
  2215 | Abyss:1  | Reached skill level 5 in Fighting
  2226 | Abyss:1  | Noticed a worldbinder
  2230 | Abyss:1  | Noticed an insubstantial wisp
  2230 | Abyss:1  | Noticed a vampire mosquito
  2234 | Abyss:1  | Noticed a vampire mosquito
  2237 | Abyss:1  | Noticed an insubstantial wisp
  2239 | Abyss:1  | Noticed a swamp drake
  2239 | Abyss:1  | Noticed a vampire mosquito
  2304 | Abyss:1  | Noticed a starcursed mass
  2307 | Abyss:1  | Noticed a sixfirhy
  2312 | Abyss:1  | HP: 3/51 [sixfirhy (11)]
  2315 | Abyss:1  | Slain by a sixfirhy

Vault maps used:
D:1:      nicolae_arrival_somewhat_less_tricky_arrival, hangedman_decor_points,
          minmay_cupped
D:2:      gammafunk_temple_overflow_claw, serial_curves, eino_curves_04,
          eino_curves_02, eino_curves_02
D:3:      led_xom_imps, first_ration, uniq_sigmund

Skill      XL: |  1  2  3  4  5  6 |
---------------+-------------------+-----
Axes           | 3 4 |  4.4
Armour         | 2 3 |  3.5
Fighting       | 4 5 |  5.0
Dodging        | |  1.7

Action                   |  1- 3 |  4- 6 || total
-------------------------+-------+-------++-------
Melee: Hand axe          |   109 |    93 ||   202
       Kick              |    22 |    29 ||    51
Invok: Berserk           |     1 |     1 ||     2
  Use: Scroll            |       |     4 ||     4
  Eat: Chunk             |     2 |     4 ||     6
Armor: Crystal plate arm |   105 |    93 ||   198
Dodge: Dodged            |    10 |     9 ||    19

Table legend:
 A = Non-vault XP
 B = Vault XP
 C = Vault XP percentage of total XP
 D = Non-vault monster count
 E = Vault monster count
 F = Vault count percentage of total count
                 A         B        C        D         E       F
            +---------+---------+-------+---------+---------+-------
      Total |     278 |     238 |  46.1 |      44 |       6 |  12.0
            +---------+---------+-------+---------+---------+-------
        D:1 |      27 |       7 |  20.6 |      15 |       5 |  25.0
        D:2 |      44 |       0 |   0.0 |      10 |       0 |   0.0
        D:3 |     197 |     231 |  54.0 |      18 |       1 |   5.3
    Abyss:1 |      10 |       0 |   0.0 |       1 |       0 |   0.0
            +---------+---------+-------+---------+---------+-------

Vault maps used:
D:1:      nicolae_arrival_somewhat_less_tricky_arrival, hangedman_decor_points,
          minmay_cupped
D:2:      gammafunk_temple_overflow_claw, serial_curves, eino_curves_04,
          eino_curves_02, eino_curves_02
D:3:      led_xom_imps, first_ration, uniq_sigmund

Table legend:
 A = Turns spent in this place as a percentage of turns spent in the entire game.
 B = Non-inter-level travel turns spent in this place as a percentage of non-inter-level travel turns spent in the entire game.
 C = Inter-level travel turns spent in this place as a percentage of turns spent in this place.
 D = Turns resting spent in this place as a percentage of non-inter-level travel turns spent in this place.
 E = Turns spent auto-exploring this place as a percentage of non-inter-level travel turns spent in this place.
 F = Non-inter-level travel turns spent in this place divided by the number of levels of this place that you've seen.
                   A       B       C       D       E      F
               +-------+-------+-------+-------+-------+----------------------
         Total | 100.0 | 100.0 |   5.9 |   6.9 |  71.5 | 544.8
       Dungeon |  93.4 |  93.0 |   6.3 |   7.4 |  71.8 | 675.7
         Abyss |   6.6 |   7.0 |   0.0 |   0.0 |  68.4 | 152.0
               +-------+-------+-------+-------+-------+----------------------

Table legend:
 A = Kills in this place as a percentage of kills in entire the game.
 B = Kills by you in this place as a percentage of kills by you in the entire game.
 C = Kills by friends in this place as a percentage of kills by friends in the entire game.
 D = Other kills in this place as a percentage of other kills in the entire game.
 E = Experience gained in this place as a percentage of experience gained in the entire game.
 F = Experience gained in this place divided by the number of levels of this place that you have seen.
                   A       B       C       D       E      F
               +-------+-------+-------+-------+-------+----------------------
         Total | 100.0 | 100.0 |   N/A |   N/A | 100.0 | 129.0
       Dungeon |  98.0 |  98.0 |   N/A |   N/A |  98.1 | 168.7
         Abyss |   2.0 |   2.0 |   N/A |   N/A |   1.9 |  10.0
               +-------+-------+-------+-------+-------+----------------------
